AoeStats
← ChotoPilot

Fortress

509954598Analyzed
3v3 RM · 4d ago on Sep 28, 2026· 71m 20s· 6 players
Game mode
Random Map
Map size
Large (8 player)
Population
200
Speed
Normal
Resources
Standard
Victory
Conquest
Starting age
Dark Age
Ending age
Imperial Age
RankedLock teamsTeams togetherTeam positionsShared explorationLock speedFull tech treeHidden civsTurbo modeCheats
Victory
Defeat
🇫🇷 Japanese · France
848
+13
🇺🇸 Vikings · United States
790
+15
🇹🇷 Bohemians · Türkiye
754
+17
🇧🇩 Bohemians · Bangladesh
785
-15
🇧🇩 Magyars · Bangladesh
773
-15
🇧🇩 Britons · Bangladesh
770
-15
Gudart34
7:20 Feudal Age
7:52 Loom
12:12 Castle Age
10:50 Double-Bit Axe
11:00 Gold Mining
11:16 Horse Collar
13:29 Bow Saw
17:30 Caravan
24:18 Imperial Age
23:38 Bloodlines
23:28 Husbandry
23:42 Forging
23:33 Scale Mail Armor
23:38 Scale Barding Armor
23:36 Squires
24:22 Wheelbarrow
23:33 Town Watch
25:59 Two-Man Saw
25:34 Conscription
25:06 Cavalier
26:13 Elite Samurai
27:46 Gold Shaft Mining
27:02 Stone Mining
28:32 Hand Cart
28:59 Iron Casting
28:57 Town Patrol
31:20 Blast Furnace
30:36 Chain Mail Armor
31:30 Chain Barding Armor
34:50 Plate Mail Armor
36:19 Heavy Plow
39:13 Fortified Wall
38:59 Murder Holes
39:14 Masonry
38:56 Guard Tower
39:26 Ballistics
40:07 Chemistry
40:41 Light Cavalry
43:49 Kataparuto
45:50 Coinage
46:26 Pikeman
46:52 Arson
49:21 Banking
50:00 Halberdier
Phobos scattered my army
6:10 Loom
8:22 Feudal Age
15:47 Castle Age
13:43 Double-Bit Axe
13:43 Horse Collar
15:27 Gold Mining
21:53 Squires
21:39 Arson
22:01 Scale Mail Armor
22:12 Forging
23:34 Chain Mail Armor
25:32 Iron Casting
30:25 Imperial Age
29:01 Man-at-Arms
30:46 Bow Saw
31:58 Conscription
31:30 Long Swordsman
32:59 Two-Handed Swordsman
33:52 Champion
33:57 Elite Varangian Guard
36:23 Gold Shaft Mining
48:23 Elite Skirmisher
49:10 Padded Archer Armor
49:21 Fletching
50:27 Bodkin Arrow
51:04 Ballistics
63:46 Two-Man Saw
62:49 Heavy Plow
63:11 Leather Archer Armor
64:34 Ring Archer Armor
64:05 Bracer
64:55 Plate Mail Armor
65:26 Blast Furnace
ufukyldz94
10:43 Feudal Age
12:11 Wheelbarrow
12:41 Double-Bit Axe
15:36 Castle Age
15:53 Horse Collar
16:42 Bow Saw
16:34 Heavy Plow
18:58 Fervor
20:34 Hand Cart
29:17 Imperial Age
27:32 Forging
27:22 Scale Mail Armor
27:13 Fletching
27:23 Padded Archer Armor
29:23 Elite Hussite Wagon
30:24 Conscription
30:47 Guilds
32:43 Bodkin Arrow
33:03 Leather Archer Armor
33:24 Iron Casting
33:05 Chain Mail Armor
33:02 Wagenburg Tactics
33:35 Caravan
35:24 Two-Man Saw
34:33 Bracer
35:03 Ring Archer Armor
34:48 Fortified Wall
36:06 Arson
36:22 Squires
38:05 Ballistics
38:47 Chemistry
37:47 Murder Holes
38:03 Masonry
38:17 Siege Engineers
38:23 Masonry
39:25 Ring Archer Armor
41:37 Blast Furnace
41:07 Plate Mail Armor
42:09 Houfnice
48:15 Man-at-Arms
52:58 Long Swordsman
54:28 Two-Handed Swordsman
55:48 Champion
bk1400
4:21 Loom
11:54 Feudal Age
12:29 Double-Bit Axe
12:26 Horse Collar
15:36 Scale Barding Armor
20:09 Castle Age
18:42 Bloodlines
21:41 Corvinian Army
23:40 Chain Barding Armor
36:28 Imperial Age
34:25 Bow Saw
37:57 Heavy Cavalry Archer
38:52 Fletching
39:02 Padded Archer Armor
48:28 Elite Magyar Huszar
51:29 Elite Magyar Huszar
54:52 Elite Skirmisher
Ashura
7:52 Feudal Age
11:52 Castle Age
11:49 Double-Bit Axe
11:46 Horse Collar
13:50 Forging
14:57 Loom
22:43 Bow Saw
22:35 Heavy Plow
23:43 Wheelbarrow
31:34 Imperial Age
30:07 Fletching
30:17 Padded Archer Armor
30:55 Iron Casting
31:06 Scale Mail Armor
31:01 Bodkin Arrow
33:08 Wheelbarrow
32:18 Town Watch
33:14 Conscription
32:26 Sappers
34:04 Chemistry
33:01 Murder Holes
33:49 Wagenburg Tactics
34:37 Bracer
34:53 Leather Archer Armor
35:43 Hand Cart
35:31 Town Patrol
37:12 Pikeman
37:53 Squires
37:38 Arson
39:26 Houfnice
40:27 Chain Mail Armor
43:14 Ring Archer Armor
43:14 Plate Mail Armor
43:54 Two-Man Saw
43:23 Halberdier
45:43 Blast Furnace
49:06 Siege Engineers
49:22 Ballistics
49:15 Masonry
48:52 Arrowslits
61:05 Caravan
61:36 Coinage
61:16 Guilds
63:42 Banking
ChotoPilot
8:25 Feudal Age
9:41 Wheelbarrow
8:54 Double-Bit Axe
13:58 Castle Age
12:44 Padded Archer Armor
13:39 Horse Collar
15:49 Hand Cart
20:42 Heavy Plow
23:36 Gold Mining
23:36 Stone Mining
24:06 Leather Archer Armor
23:41 Fletching
28:59 Imperial Age
29:18 Ballistics
29:06 Elite Longbowman
30:19 Ring Archer Armor
29:45 Bodkin Arrow
30:56 Chemistry
31:34 Conscription
32:33 Gold Shaft Mining
32:59 Warwolf
34:42 Bracer
34:43 Scale Mail Armor
34:55 Forging
34:51 Scale Barding Armor
35:01 Bow Saw
36:54 Yeomen
59:36 Pikeman
60:01 Arson
60:17 Squires
60:38 Chain Mail Armor
60:59 Iron Casting
60:44 Chain Barding Armor
Connection lost

Rejoining the realm…

Still unreachable

The connection could not be restored.

Session expired

The server has moved on; the page needs a fresh start.